 Dungeon Crawl Stone Soup version 0.21.1-1-g345015fe64 (webtiles) character file.

2627 Oravi the Transmogrifier (level 9, 0/93 HPs)
             Began as a Merfolk Transmuter on Apr 11, 2018.
             Succumbed to a water moccasin's poison
             ... on level 6 of the Dungeon.
             The game lasted 00:24:41 (5934 turns).

Oravi the Transmogrifier (Merfolk Transmuter)       Turns: 5934, Time: 00:24:41

Health: 0/93       AC: 24    Str: 15    XL:     9   Next: 61%
Magic:  11/12      EV:  2    Int: 16    God:
Gold:   262        SH:  6    Dex: 14    Spells: 6/12 levels left

rFire    + . .     SeeInvis +     - Unarmed
rCold    + . .     Gourm    .   (no shield)
rNeg     + + +     Faith    .   (armour currently unavailable)
rPois    +         Spirit   .   (helmet currently unavailable)
rElec    +         Reflect  +   (cloak currently unavailable)
rCorr    +         Harm     .   (gloves currently unavailable)
MR       .....     NoTele   +   (boots currently unavailable)
Stlth    +.........             f - +6 amulet of reflection
HPRegen  0.25/turn              g - ring of see invisible
MPRegen  0.13/turn              (no ring)

@: mighty, lethally poisoned (0 -> -23), tree-form, resistant, very slightly
contaminated, invisible
A: (change form in water), (swift swim), (stealthy swim), sense surroundings 1
a: no special abilities


You were on level 6 of the Dungeon.
You were not hungry.
You were a tree.
You visited 1 branch of the dungeon, and saw 6 of its levels.
You also visited: Sewer.

You collected 262 gold pieces.

Inventory:

Missiles
 a - 84 arrows
Armour
 j - a +0 cloak (melded)
 v - a +0 robe of fire resistance (melded)
Magical Staves
 p - an uncursed staff of death {unknown}
Jewellery
 f - a +6 amulet of reflection (around neck)
 g - a ring of see invisible (left branch)
Wands
 u - a wand of digging (7)
Scrolls
 b - a scroll of amnesia {unknown}
 h - a scroll of teleportation
 i - a scroll of blinking {unknown}
 r - a scroll of fog
 s - 2 scrolls of remove curse
Potions
 n - a potion of brilliance
 o - 2 potions of flight
Books
 c - a book of Changes

   Spells                             Type                      Level
   a - Beastly Appendage              Transmutation                1
   b - Sticks to Snakes               Transmutation                2
   c - Spider Form                    Transmutation/Poison         3
   d - Ice Form                       Ice/Transmutation            4
   e - Blade Hands                    Transmutation                5
 l - a book of Maledictions

   Spells                             Type                      Level
   a - Corona                         Hexes                        1
   b - Ensorcelled Hibernation        Hexes/Ice                    2
   c - Confuse                        Hexes                        3
   d - Tukima's Dance                 Hexes                        3
   e - Dazzling Spray                 Conjuration/Hexes            3
Comestibles
 d - 10 rations
 m - 12 chunks of flesh


   Skills:
 + Level 2.7 Fighting
 * Level 6.7 Dodging
 + Level 9.2 Unarmed Combat
 - Level 2.0 Spellcasting
 * Level 9.2 Transmutations
 * Level 5.6 Poison Magic


You had 6 spell levels left.
You knew the following spells:

 Your Spells              Type           Power        Failure   Level  Hunger
a - Beastly Appendage     Tmut           ####..       1%          1    #......
b - Sticks to Snakes      Tmut           ####....     1%          2    ###....
c - Spider Form           Tmut/Pois      ####......   3%          3    ###....


Dungeon Overview and Level Annotations

Branches:
Dungeon (6/15)
 Temple: D:4-7

Altars:
Ashenzari
Elyvilon
Nemelex Xobeh
Okawaru
Trog


Innate Abilities, Weirdness & Mutations

((You revert to your normal form in water.))
((You are very nimble and swift while swimming.))
((You are very stealthy in the water. (Stealth+)))
((You can translocate small distances at will.))
((Armour fits poorly on your strangely shaped body.))
You passively map a small area around you.


Message History

You feel resistant to fire.
You turn into a tree.
Your +0 cloak melds into your body.
Your +0 robe of fire resistance melds into your body.
You feel less resistant to fire.
Your roots penetrate the ground.
* * * LOW HITPOINT WARNING * * *
You feel very sick.
It was a potion of invisibility.
You fade into invisibility!
* * * LOW HITPOINT WARNING * * *
You feel very sick.
You are very lightly contaminated with residual magic.
Okay, then.
Okay, then.
* * * LOW HITPOINT WARNING * * *
You feel sick.
* * * LOW HITPOINT WARNING * * *
You feel very sick.
* * * LOW HITPOINT WARNING * * *
You feel sick.
You die...

* ......#....... * *
###.####....... #
##...####......( #.
......##........ ,
#..##....##........ *
,, ..........#........
*, #<.#..#..#........
#..#..#..#)#**** , , *
#...†♣..>))#
.....#.###.### , ,
###..#.....# *
#.?...%..#############
#.#####..............#
, ############.... , *
#...# , , #####


There were no monsters in sight!

Vanquished Creatures
  Pikel (D:4)
  Grinder (D:4)
  Sigmund (D:2)
  A water moccasin (D:6)
  An orc warrior (D:6)
  An ice beast (D:5)
  A sky beast (D:5)
  4 slaves (D:4)
  3 phantoms
  2 ogres
  A centaur (D:6)
  A bullfrog (D:6)
  A big kobold (Sewer)
  A water moccasin zombie (D:5)
  2 scorpions (D:6)
  A howler monkey (D:4)
  A crimson imp (D:5)
  A hound (D:5)
  4 orc priests
  A bullfrog skeleton (D:4)
  A centaur skeleton (D:5)
  Ijyb (D:4)
  2 orc wizards (D:4)
  3 worker ants
  A killer bee zombie (D:4)
  A worker ant zombie (D:6)
  A river rat (Sewer)
  4 adders
  2 shadow imps
  3 worms
  A dart slug (D:2)
  2 leopard geckos
  16 orcs
  4 giant cockroaches
  4 goblins
  7 hobgoblins
  10 jackals
  4 quokkas (D:4)
  8 bats
  5 frilled lizards
  7 kobolds
  A leopard gecko skeleton (D:4)
  2 quokka skeletons (D:4)
  14 rats
134 creatures vanquished.

Vanquished Creatures (others)
  An orc wizard (D:6)
1 creature vanquished.

Grand Total: 135 creatures vanquished

Notes
Turn   | Place    | Note
-------+----------+-------------------------------------------
     0 | D:1      | Oravi the Merfolk Transmuter began the quest for the Orb.
     0 | D:1      | Reached XP level 1. HP: 15/15 MP: 3/3
   305 | D:1      | Reached XP level 2. HP: 15/21 MP: 3/5
   628 | D:1      | Reached XP level 3. HP: 21/26 MP: 3/6
   843 | D:1      | Learned a level 2 spell: Sticks to Snakes
   847 | D:1      | Learned a level 3 spell: Spider Form
   908 | D:2      | Noticed Sigmund
   921 | D:2      | Killed Sigmund
   921 | D:2      | Reached skill level 5 in Unarmed Combat
   921 | D:2      | Reached skill level 5 in Transmutations
   921 | D:2      | Reached XP level 4. HP: 17/33 MP: 4/7
   921 | D:2      | Reached XP level 5. HP: 19/38 MP: 4/8
  1332 | D:2      | Found an iron altar of Okawaru.
  1925 | D:3      | Noticed a phantom
  1952 | D:3      | Gained mutation: You can translocate small distances at will. [potion of mutation]
  1952 | D:3      | Gained mutation: Armour fits poorly on your strangely shaped body. [potion of mutation]
  1952 | D:3      | Gained mutation: You passively map a small area around you. [potion of mutation]
  2316 | D:3      | Reached XP level 6. HP: 44/44 MP: 5/9
  2366 | D:3      | Found a glowing drain.
  2382 | Sewer    | Entered a sewer
  2490 | Sewer    | Reached skill level 1 in Poison Magic
  2636 | Sewer    | Found a glowing silver altar of Zin.
  2802 | D:3      | Killed a phantom
  2879 | D:3      | You fall through a shaft!
  2894 | D:4      | Reached XP level 7. HP: 49/49 MP: 7/10
  3261 | D:4      | Found a shattered altar of Ashenzari.
  3458 | D:3      | Found a sparkling altar of Nemelex Xobeh.
  3458 | D:3      | Found a bloodstained altar of Trog.
  3800 | D:4      | Reached XP level 8. HP: 28/56 MP: 9/11
  4176 | D:4      | Noticed Ijyb
  4183 | D:4      | Killed Ijyb
  4212 | D:4      | Noticed Pikel
  4443 | D:4      | Killed Pikel
  4443 | D:4      | Reached skill level 5 in Dodging
  4660 | D:4      | Noticed Grinder
  4663 | D:4      | Paralysed by Grinder for 4 turns
  4682 | D:4      | Killed Grinder
  5078 | D:5      | Entered Level 5 of the Dungeon
  5105 | D:5      | Reached XP level 9. HP: 62/62 MP: 12/12
  5395 | D:5      | Found a white marble altar of Elyvilon.
  5688 | D:6      | Reached skill level 5 in Poison Magic
  5933 | D:6      | HP: 3/93 [poisoned by a water moccasin]
  5934 | D:6      | Succumbed to a water moccasin's poison

Skill      XL: |  1  2  3  4  5  6  7  8  9 |
---------------+----------------------------+-----
Transmutations | 3 5 6 7 8 9 |  9.2
Dodging        | 3 4 5 6 |  6.7
Unarmed Combat | 5 6 8 9 |  9.2
Poison Magic   | 2 3 4 5 |  5.6
Fighting       | 2 |  2.7
Spellcasting   | |  2.0

Action                   |  1- 3 |  4- 6 |  7- 9 || total
-------------------------+-------+-------+-------++-------
Melee: Unarmed           |    66 |   139 |   259 ||   464
       Headbutt          |    10 |     5 |       ||    15
       Punch             |       |       |     1 ||     1
 Cast: Beastly Appendage |    11 |     6 |       ||    17
       Spider Form       |     1 |    21 |    35 ||    57
       Sticks to Snakes  |       |     4 |     1 ||     5
  Use: Potion            |     1 |     3 |     9 ||    13
       Scroll            |       |     3 |     3 ||     6
 Stab: Sleeping          |       |     1 |     2 ||     3
       Distracted        |       |       |     1 ||     1
  Eat: Chunk             |       |    11 |    14 ||    25
Armor: Robe              |     8 |     7 |     3 ||    18
       Skin              |       |     5 |     6 ||    11
Dodge: Dodged            |    43 |   132 |   182 ||   357
Block: Other             |       |    43 |    68 ||   111
